 Dungeon Crawl Stone Soup version 0.14-a0-2888-g61d0ccb (webtiles) character file.

219 Quh the Firebug (level 5, 0/29 HPs)
             Began as a Deep Elf Fire Elementalist on Mar 1, 2014.
             Slain by Froboctopus' ghost (2 damage)
             ... on Level 3 of the Dungeon.
             The game lasted 00:16:55 (1894 turns).

Quh the Firebug (Deep Elf Fire Elementalist)        Turns: 1894, Time: 00:16:56

HP   0/29        AC  7     Str  6      XL: 5   Next:  6%
MP   1/17        EV 13     Int 20      God:
Gold 74          SH  0     Dex 15      Spells:  2 memorised,  8 levels left

rFire  + . .     SeeInvis .     j - +2,+1 dagger (protect)
rCold  x . .     Clarity  .     a - +0 elf robe
rNeg   . . .     Conserve .     (no shield)
rPois  .         rCorr    .     (no helmet)
rElec  .         rRot     .     (no cloak)
SustAb . .       Spirit   .     (no gloves)
rMut   .         Warding  .     (no boots)
Saprov . . .     Stasis   .     (no amulet)
MR     .....                    (no ring)
                                f - ring of fire

@: not resistant to hostile enchantments, fairly stealthy
A: no striking features
a: no special abilities


You were on level 3 of the Dungeon.
You were near starving.

You visited 1 branch of the dungeon, and saw 3 of its levels.

You collected 74 gold pieces.

Inventory:

Hand weapons
 g - a +1,+1 dagger of venom
 j - a +2,+1 dagger of protection (weapon)
Armour
 a - a +0 elven robe (worn)
 n - a +0 robe
Comestibles
 c - 5 bread rations
 k - an apple
 m - a chunk of human flesh
Scrolls
 o - a scroll of curse armour {unknown}
 p - a scroll of magic mapping
Jewellery
 f - a ring of fire (left hand)
Potions
 d - a potion of magic {unknown}
 e - a potion of curing {unknown}
 h - a potion of confusion {unknown}
 i - 2 potions of poison {unknown}
 l - 2 potions of heal wounds {unknown}
 q - a potion of paralysis {unknown}
Books
 b - a book of Flames

   Spells                             Type                      Level
   *Flame Tongue                      Conjuration/Fire             1
   *Throw Flame                       Conjuration/Fire             2
   Conjure Flame                      Conjuration/Fire             3
   Inner Flame                        Hexes/Fire                   3
   Sticky Flame                       Conjuration/Fire             4
   Fireball                           Conjuration/Fire             5


   Skills:
 * Level 1.5 Fighting
 + Level 3.0 Dodging
 - Level 2.4 Stealth
 + Level 3.7 Spellcasting
 * Level 3.1 Conjurations
 * Level 4.2 Fire Magic


You had 8 spell levels left.
You knew the following spells:

 Your Spells              Type           Power        Failure   Level  Hunger
a - Flame Tongue          Conj/Fire      ####.        2%          1    None
b - Throw Flame           Conj/Fire      ####..       4%          2    #......


Dungeon Overview and Level Annotations

Branches:
Dungeon (3/16)

Altars:

Annotations:
D:3 Froboctopus' ghost, average OpFE


Message History

Confirm with . or Enter, or press ? or * to list all spells.
Aiming: Flame Tongue
Press: ? - help, Shift-Dir - straight line, f/p - Froboctopus' ghost
Aim: Froboctopus' ghost (heavily damaged)
You feel a surge of power!
The flame hits Froboctopus' ghost.
Froboctopus' ghost is heavily damaged.
You are covered in liquid flames!
The rat bites you but does no damage.
You are covered in liquid flames!
* * * LOW HITPOINT WARNING * * *
The rat closely misses you.
Casting: Flame Tongue
Confirm with . or Enter, or press ? or * to list all spells.
Aiming: Flame Tongue
Press: ? - help, Shift-Dir - straight line, f/p - Froboctopus' ghost
Aim: Froboctopus' ghost (heavily damaged)
You feel a surge of power!
The flame misses Froboctopus' ghost.
Froboctopus' ghost hits you.
* * * LOW HITPOINT WARNING * * *
You die...

#.# #.# #####.# ...#.###
###.#.#.+############
......%.p.........##.#
#....@r....#.####.####
#.######.####..............
#......%.....)...).........
########.########.#########
#.## #.# #..# #.# ##.# #p#
#.# #.# #.# #..


You could see Froboctopus' ghost and a rat.

Vanquished Creatures
  An orc wizard (D:3)
  Ijyb (D:2)
  Jessica (D:2)
  2 adders
  A worm (D:2)
  A giant gecko (D:3)
  An ooze (D:1)
  An orc (D:3)
  9 bats
  A giant cockroach (D:2)
  13 goblins
  7 hobgoblins
  6 jackals
  4 kobolds
  A ball python (D:2)
  A giant newt (D:3)
  6 rats
57 creatures vanquished.

Notes
Turn   | Place    | Note
--------------------------------------------------------------
     0 | D:1      | Quh, the Deep Elf Fire Elementalist, began the quest for the Orb.
     0 | D:1      | Reached XP level 1. HP: 10/10 MP: 5/5
   190 | D:1      | Reached XP level 2. HP: 14/16 MP: 3/8
   578 | D:1      | Learned a level 2 spell: Throw Flame
   644 | D:1      | Reached XP level 3. HP: 20/20 MP: 6/11
   851 | D:1      | Reached skill level 1 in Fighting
  1384 | D:2      | Noticed Ijyb
  1390 | D:2      | Killed Ijyb
  1390 | D:2      | Reached skill level 4 in Fire Magic
  1390 | D:2      | Reached XP level 4. HP: 25/25 MP: 5/14
  1674 | D:2      | Noticed Jessica
  1681 | D:2      | Killed Jessica
  1828 | D:3      | Noticed Froboctopus' ghost (average OpFE)
  1869 | D:3      | Reached XP level 5. HP: 29/29 MP: 1/17
  1894 | D:3      | Slain by Froboctopus' ghost

Action                   |  1- 3 |  4- 6 || total
-------------------------+-------+-------++-------
Melee: Unarmed           |     2 |       ||     2
 Cast: Flame Tongue      |    53 |    23 ||    76
       Throw Flame       |    16 |    14 ||    30
  Use: Scroll            |     3 |     1 ||     4
